 Dungeon Crawl Stone Soup version 0.27.1-4-g1640c2035a (webtiles) character file.

Game seed: 13046196045093772618

16772 belegose the Prestidigitator (level 12, -2/102 (114) HPs)
             Began as a Kobold Berserker on Nov 16, 2021.
             Was an Elder of Trog.
             Slain by a minotaur (12 damage)
             ... in a Gauntlet.
             The game lasted 01:01:59 (20269 turns).

belegose the Prestidigitator (Kobold Berserker)    Turns: 20269, Time: 01:02:00

HP:   -2/102 (114)  AC: 21    Str: 18    XL:     12   Next: 74%
MP:   4/4           EV: 11    Int:  8    God:    Trog [****..]
Gold: 843           SH:  6    Dex: 16    Spells: 11/11 levels left

rFire    . . .     SeeInvis +   b - +9 hand axe "Liewuar" {antimagic, rC+ rN+ Will+ Stlth+}
rCold    + . .     Faith    .   D - +0 buckler
rNeg     + . .     Spirit   .   s - +1 plate armour of the Hunter {Will+ SInv}
rPois    .         Reflect  .   (no helmet)
rElec    .         Harm     .   (no cloak)
rCorr    .         Rampage  .   q - +2 pair of gloves {Stlth+}
Will     +++..     NoTele   +   d - +2 pair of boots
Stlth    ..........             (no amulet)
HPRegen  0.27/turn              A - ring of see invisible
MPRegen  0.09/turn              G - ring of willpower

@: berserking, hasted, heavily drained, very quick
A: small, no large weapons, nightstalker 3
a: Renounce Religion, Berserk, Trog's Hand, Brothers in Arms


You were in a Gauntlet.
You worshipped Trog.
Trog was greatly pleased with you.
You visited 3 branches of the dungeon, and saw 14 of its levels.
You also visited: Gauntlet.

You collected 843 gold pieces.

Inventory:

Hand Weapons
 a - a +4 rapier of holy wrath
 b - the +9 hand axe "Liewuar" (weapon) {antimagic, rC+ rN+ Will+ Stlth+}
   (You found it on level 8 of the Dungeon)

   It reduces the magical energy of the wielder, and disrupts the spells and
   magical abilities of those it strikes.
   Natural abilities and divine invocations are not affected.
   rC:        It protects you from cold.
   rN:        It protects you from negative energy.
   Will:      It increases your willpower.
   Stlth:     It makes you more stealthy.
 u - a +0 hand crossbow
 J - a +0 scimitar of flaming
 L - a +4 antimagic war axe
Missiles
 j - 96 bolts
 m - 37 poisoned darts
 v - 13 boomerangs
 y - 10 curare-tipped darts (quivered)
 B - 5 silver boomerangs
 H - 3 throwing nets
Armour
 d - a +2 pair of boots (worn)
 q - a +2 pair of gloves of stealth (worn)
 s - the +1 plate armour of the Hunter (worn) {Will+ SInv}
   (You found it on level 9 of the Dungeon)

   SInv:      It lets you see invisible.
   Will:      It increases your willpower.
 D - a +0 buckler (worn)
 M - a +1 plate armour of fire resistance
Jewellery
 A - a ring of see invisible (left hand)
 G - a ring of willpower (right hand)
 N - a ring of positive energy
Wands
 p - a wand of iceblast (12)
 E - a wand of digging (5)
 I - a wand of flame (94)
Scrolls
 c - a scroll of identify
 e - a scroll of holy word {unknown}
 f - a scroll of torment {unknown}
 g - 3 scrolls of magic mapping {unknown}
 h - a scroll of brand weapon {unknown}
 i - 4 scrolls of teleportation
 k - a scroll of enchant weapon {unknown}
 l - 2 scrolls of enchant armour {unknown}
 o - 3 scrolls of noise {unknown}
 r - a scroll of blinking {unknown}
 C - a scroll of acquirement {unknown}
Potions
 n - 3 potions of haste
 w - 3 potions of flight
 x - 3 potions of heal wounds
 z - 2 potions of might
 F - a potion of degeneration {unknown}
 K - 2 potions of lignification
 O - a potion of mutation


   Skills:
 + Level 9.0 Fighting
 - Level 6.5 Short Blades
 - Level 2.6(3.0) Axes
 - Level 1.8(2.7) Maces & Flails
 + Level 8.1 Crossbows
 - Level 8.1 Armour
 - Level 9.0 Dodging
 - Level 8.6 Stealth
 + Level 4.9 Shields
 - Level 10.8 Evocations


You had 11 spell levels left.
You didn't know any spells.
Your spell library was empty.

Dungeon Overview and Level Annotations

Branches:
Dungeon (11/15)            Temple (1/1) D:5            Lair (0/6) D:8
    Orc (2/2) D:10        Gauntlet (1/1)
    Elf: Orc:2

Altars:
Ashenzari
Cheibriados
Dithmenos
Fedhas
Kikubaaqudgha
Nemelex Xobeh
Okawaru
Ru
Sif Muna
Yredelemnul
Zin
The Shining One

Shops:
Orc:2 (

Annotations:
D:7 exclusions: downstairs, 2 orc priests and 2 orc wizards
Orc:1 exclusion: downstairs Gauntlet 10 transporters, exclusion: ice statue


Innate Abilities, Weirdness & Mutations

You are small and have problems with some larger weapons.
You are completely attuned to the shadows.


Message History

You start resting.
Unknown command.
You start resting.
HP restored.
Okay, then.
Okay, then.
You feel yourself speed up.
You open the door.
A minotaur comes into view.
It is wielding a +2 rapier of draining and wearing a +2 plate armour of fire resistance.
Found a plate armour and an ancient robe.
There is an open door here.
The minotaur bellows!
You slash the minotaur!
The minotaur is lightly wounded.
The minotaur hits you with a +2 rapier of draining!
You partially resist.
You feel drained. You block the minotaur's attack.
Unknown command.
A red film seems to cover your vision as you go berserk!
You feel yourself moving faster!
You feel mighty!
The minotaur hits you with a +2 rapier of draining!!
You partially resist.
You feel drained.
The minotaur gores you but does no damage.
Unknown command.
You hit the minotaur.
The minotaur is lightly wounded.
The minotaur hits you with a +2 rapier of draining!
You partially resist.
You feel drained. The minotaur gores you!
You barely miss the minotaur.
The minotaur is lightly wounded.
You hit the minotaur.
The minotaur is lightly wounded.
The minotaur hits you with a +2 rapier of draining!!
* * * LOW HITPOINT WARNING * * *
You partially resist.
You feel drained.
* * * LOW HITPOINT WARNING * * *
The minotaur barely misses you.
You hit the minotaur.
The minotaur is moderately wounded.
The minotaur hits you with a +2 rapier of draining!
You die...

#8.8# ####[.[####
###8.#8.8#.8###
#....#H..#....#
#.#..#8@8#..#.#
#.#..##'##..#.#
#.............#
#.#.##.#.##.#.#
#.#....#....#.#
###.#.#######.#.###
#≈...............≈#
###
#8.8.8.8.8.8.8.8.8#
## #8#
#≈...............≈#
#8#


You could see a minotaur.

Vanquished Creatures
  A hydra (D:9)
  Erica (D:8)
  2 two-headed ogres
  Pikel (D:8)
  A manticore (D:11)
  An orc sorcerer (Orc:2)
  Joseph (D:7)
  2 kobold demonologists (D:9)
  An ice devil (Gauntlet)
  A hornet (D:7)
  A hornet (shapeshifter) (Gauntlet)
  2 dream sheep (D:9)
  A vampire (D:6)
  A wyvern (D:7)
  10 yaks
  Menkaure (D:6)
  4 wargs
  Duvessa (D:4)
  A hornet zombie (D:6)
  4 ogres
  15 orc warriors
  A sky beast (D:6)
  A necrophage (D:6)
  A centaur (D:9)
  A phantom (D:4)
  6 kobold brigands (D:9)
  5 gnoll sergeants
  A bullfrog (D:8)
  2 scorpions (D:6)
  A water moccasin zombie (D:6)
  Dowan (D:4)
  13 killer bees (D:8)
  9 wights
  A crimson imp (D:4)
  7 howler monkeys
  4 centaur zombies
  10 hounds
  2 centaur skeletons
  3 gnoll shamans
  9 orc priests
  2 bullfrog skeletons (D:6)
  Ijyb (D:4)
  2 iguanas
  11 orc wizards
  A killer bee zombie (D:8)
  A howler monkey zombie (D:9)
  A howler monkey skeleton (D:7)
  33 gnolls
  5 adders
  A shadow imp (D:5)
  4 white imps
  A worm (D:2)
  2 dart slugs
  48 orcs
  5 bats
  8 endoplasms
  A giant cockroach (D:2)
  9 goblins
  5 hobgoblins
  8 jackals
  10 kobolds
  4 quokkas
  5 ball pythons
  3 frilled lizards
  2 rats
304 creatures vanquished.

Vanquished Creatures (collateral kills)
  An orc warlord (Orc:2)
  Snorg (D:10)
  A shining eye (shapeshifter) (Gauntlet)
  An orc warrior (Orc:2)
  An ogre (Orc:2)
  An orc (Orc:2)
6 creatures vanquished.

Vanquished Creatures (others)
  8 fungi (Gauntlet)
  16 plants
24 creatures vanquished.

Grand Total: 334 creatures vanquished

Notes
Turn   | Place    | Note
-------+----------+-------------------------------------------
     0 | D:1      | belegose the Kobold Berserker began the quest for the Orb.
     0 | D:1      | Reached XP level 1. HP: 14/14 MP: 1/1
   281 | D:1      | Reached XP level 2. HP: 19/19 MP: 2/2
   288 | D:1      | Reached skill level 1 in Stealth
  1156 | D:2      | Reached XP level 3. HP: 23/23 MP: 3/3
  1598 | D:2      | Reached ** piety under Trog
  1971 | D:2      | Found a faded altar of an unknown god.
  2176 | D:2      | Reached XP level 4. HP: 28/29 MP: 4/4
  2301 | D:2      | Reached XP level 5. HP: 20/33 MP: 5/5
  2765 | D:3      | Found a blossoming altar of Fedhas.
  2803 | D:3      | Found a shadowy altar of Dithmenos.
  3598 | D:4      | Noticed Ijyb
  3609 | D:4      | Killed Ijyb
  4289 | D:4      | Noticed a phantom
  4300 | D:4      | Killed a phantom
  4301 | D:4      | Reached skill level 1 in Maces & Flails
  4301 | D:4      | Reached skill level 1 in Evocations
  4301 | D:4      | Reached XP level 6. HP: 33/39 MP: 6/6
  4631 | D:4      | Noticed an ogre
  4750 | D:4      | Reached XP level 7. HP: 44/44 MP: 7/7
  4920 | D:4      | Reached *** piety under Trog
  5191 | D:4      | Found a basalt altar of Yredelemnul.
  5241 | D:4      | Noticed Duvessa
  5254 | D:4      | Killed Duvessa
  5255 | D:4      | Reached skill level 1 in Crossbows
  5255 | D:4      | Reached skill level 2 in Evocations
  5545 | D:5      | Entered Level 5 of the Dungeon
  5593 | D:4      | Noticed Dowan
  5610 | D:4      | Reached skill level 10 in Evocations
  5610 | D:4      | Reached XP level 8. HP: 20/48 MP: 8/8
  5619 | D:4      | Killed Dowan
  6019 | D:5      | Found a staircase to the Ecumenical Temple.
  6028 | Temple   | Entered the Ecumenical Temple
  7090 | D:4      | Reached skill level 5 in Fighting
  7090 | D:4      | Reached skill level 5 in Short Blades
  7090 | D:4      | Reached XP level 9. HP: 54/54 MP: 9/9
  7404 | D:6      | Found a glowing golden altar of the Shining One.
  7518 | D:6      | Reached skill level 5 in Stealth
  7622 | D:6      | Reached skill level 5 in Dodging
  7647 | D:6      | Found a glowing silver altar of Zin.
  8098 | D:6      | Found a shimmering blue altar of Sif Muna.
  8515 | D:7      | Found an iron altar of Okawaru.
  8716 | D:7      | Noticed a hornet
  8725 | D:7      | Killed a hornet
  8726 | D:7      | Reached XP level 10. HP: 60/60 MP: 10/10
  8857 | D:7      | Found an ancient bone altar of Kikubaaqudgha.
  9398 | D:7      | Reached **** piety under Trog
  9420 | D:7      | Noticed Menkaure
  9654 | D:6      | Killed Menkaure
 10657 | D:7      | Reached skill level 1 in Shields
 11155 | D:8      | Noticed Erica
 11200 | D:8      | Identified the +9 hand axe "Liewuar" {antimagic, rC+ rN+
                  | Will+ Stlth+}
 11230 | D:8      | Noticed Joseph
 11634 | D:7      | Killed Joseph
 11741 | D:8      | Killed Erica
 11742 | D:8      | Reached skill level 1 in Axes
 11773 | D:8      | Reached XP level 11. HP: 31/66 MP: 11/11
 11944 | D:8      | Noticed Pikel
 11959 | D:8      | Killed Pikel
 12141 | D:8      | Reached skill level 5 in Crossbows
 12326 | D:8      | Found a staircase to the Lair.
 12871 | D:8      | Found a sparkling altar of Nemelex Xobeh.
 12955 | D:8      | Found a broken altar of Ashenzari.
 13068 | D:8      | Reached ***** piety under Trog
 14853 | D:9      | Received a gift from Trog
 14914 | D:9      | Noticed a three-headed hydra
 15108 | D:9      | Killed a one-headed hydra
 15293 | D:9      | Identified the +1 plate armour of the Hunter {Will+ SInv}
 15353 | D:10     | Entered Level 10 of the Dungeon
 15413 | D:10     | Found a staircase to the Orcish Mines.
 15652 | D:10     | Noticed a two-headed ogre
 15668 | D:10     | Killed a two-headed ogre
 15669 | D:10     | Reached XP level 12. HP: 73/73 MP: 4/12
 15821 | D:10     | Found a snail-covered altar of Cheibriados.
 15963 | D:10     | Noticed Snorg
 15974 | D:10     | Killed Snorg
 15977 | D:10     | Noticed a two-headed ogre
 16180 | D:9      | Killed a two-headed ogre
 16317 | D:10     | Found a sacrificial altar of Ru.
 17055 | Orc:1    | Entered Level 1 of the Orcish Mines
 17548 | Orc:2    | Entered Level 2 of the Orcish Mines
 17548 | Orc:2    | Found Ciamones's Weapon Shoppe.
 18148 | Orc:1    | Noticed an orc warlord
 18404 | Orc:2    | Killed an orc warlord
 18608 | Orc:2    | Noticed a two-headed ogre
 18610 | Orc:2    | Noticed a two-headed ogre
 18621 | Orc:2    | Noticed a two-headed ogre
 18621 | Orc:2    | Noticed a two-headed ogre
 18621 | Orc:2    | Noticed a two-headed ogre
 18992 | D:11     | Noticed a two-headed ogre
 18997 | D:11     | Found a gate leading to a gauntlet.
 19003 | Gauntlet | Entered a Gauntlet
 19003 | Gauntlet | Found a transporter.
 19003 | Gauntlet | Found a transporter.
 19229 | Gauntlet | Found a transporter.
 19237 | Gauntlet | Found a transporter.
 19245 | Gauntlet | Noticed a wretched star
 19262 | Gauntlet | Noticed a death yak
 19263 | Gauntlet | Found a transporter.
 19263 | Gauntlet | Found a transporter.
 19263 | Gauntlet | Noticed a death yak
 19264 | Gauntlet | Noticed a death yak
 19293 | Gauntlet | Found a transporter.
 19317 | Gauntlet | Found a transporter.
 19375 | Gauntlet | Found a transporter.
 19383 | Gauntlet | Found a transporter.
 19406 | Gauntlet | Found a transporter.
 19413 | Gauntlet | Found a transporter.
 19499 | Gauntlet | Found a transporter.
 19507 | Gauntlet | Found a transporter.
 19530 | Gauntlet | Found a transporter.
 19533 | Gauntlet | Noticed a boulder beetle
 19538 | Gauntlet | Found a transporter.
 19812 | Gauntlet | Noticed a shock serpent
 19840 | Gauntlet | Noticed a death drake
 19840 | Gauntlet | a shock serpent changed into a death drake
 19846 | Gauntlet | a death drake changed into a lindwurm
 19957 | Gauntlet | Noticed an anaconda
 19957 | Gauntlet | a faun changed into an anaconda
 19970 | Gauntlet | an anaconda changed into a shining eye
 20259 | Gauntlet | Noticed a minotaur
 20269 | Gauntlet | Slain by a minotaur

Illustrated notes

Levels and vault maps discovered:
D:1:      ncdulo_wetmaze, layout_rooms, serial_forest,
          infiniplex_forest_lined_corner, infiniplex_forest_join,
          infiniplex_forest_clump_small, infiniplex_forest_end_1,
          infiniplex_forest_straight_2, infiniplex_forest_clump_small,
          infiniplex_forest_diagonal, infiniplex_forest_lined_4_way,
          infiniplex_forest_lined_room_2, infiniplex_forest_straight_2
D:2:      layout_loops_ring, shapermc_ecumenical_altar_notcrosses
D:3:      layout_loops_ring, fedhas_altar_3, mainiacjoe_overflow_small_starburst
D:4:      layout_gridville, lemuel_round_altar, dk_noncrumbling_2,
          chequers_decorated_corner, minmay_fire_ice_demons, uniq_ijyb,
          uniq_duvessa
D:5:      layout_basic, temple_statues, kennysheep_small_square
D:6:      layout_loops_ring, led_sif_pool, mainiacjoe_overflow_large_starburst,
          nicolae_zen_rock_garden, corexii_corridor_pit, grunt_decor_fettered
D:7:      layout_cave_pools, okawaru_trees_2,
          nicolae_kikubaaqudgha_miasma_corner, serial_gnoll_camp,
          gnoll_camp_mini_basic, gnoll_camp_huts_basic,
          gnoll_camp_mini_loothouse, gnoll_camp_mini_basic, gnoll_camp_mini_hut,
          gnoll_camp_mini_basic, uniq_menkaure
D:8:      layout_loops_cross, evilmike_ruin_ashenzari,
          nemelex_spade_bored_becter, erik_lair_orcish_takeover,
          nicolae_straight_to_the_point, uniq_erica, uniq_joseph, uniq_pikel
D:9:      layout_small_grid, hangedman_ranch
D:10:     layout_long_grid, mainiacjoe_overflow_paths,
          overflow_temple_1_default, david_orc_2, uniq_snorg
D:11:     layout_basic, gauntlet_entry_generic
Temple:   eino_temple_lava
Orc:1:    layout_caves, serial_shops, shop, uniq_harold, uniq_gastronok
Orc:2:    st_orc_ogre_mass, layout_caves, serial_shops, shop,
          hellmonk_bongcloud_opening
Gauntlet: gammafunk_gauntlet_branching [nicolae_gauntlet_arena_flowing_pool,
          gammafunk_gauntlet_arena_grid, gammafunk_gauntlet_arena_open,
          gammafunk_gauntlet_arena_spirals, gammafunk_gauntlet_arena_hedges,
          gammafunk_gauntlet_arena_mazey, nicolae_gauntlet_arena_x,
          gammafunk_gauntlet_arena_chambers,
          nicolae_gauntlet_exit_dead_adventurers]

Skill      XL: |  1  2  3  4  5  6  7  8  9 10 11 12 |
---------------+-------------------------------------+-----
Stealth        | 1 2 3 4 6 7 8 |  8.6
Dodging        | 3 4 5 6 7 9 |  9.0
Armour         | 2 8 |  8.1
Fighting       | 4 5 6 7 9 |  9.0
Maces & Flails | 1 |  1.8
Evocations     | 1 10 | 10.8
Crossbows      | 1 3 4 6 8 |  8.1
Short Blades   | 5 6 |  6.5
Shields        | 1 3 4 |  4.9
Axes           | 1 2 |  2.6

Action                   |  1- 3 |  4- 6 |  7- 9 | 10-12 || total
-------------------------+-------+-------+-------+-------++-------
Melee: Short sword       |    73 |    13 |       |       ||    86
       Flail             |       |    84 |    54 |       ||   138
       Club              |       |     6 |       |       ||     6
       Rapier            |       |       |   143 |   350 ||   493
       Hand axe          |       |       |       |   409 ||   409
       Scimitar          |       |       |       |     4 ||     4
Throw: Dart              |       |       |     8 |    34 ||    42
Invok: Berserk           |     3 |     6 |     9 |    21 ||    39
       Brothers in Arms  |       |       |       |     4 ||     4
Evoke: Wand              |       |       |     1 |    17 ||    18
  Use: Potion            |       |       |     4 |     6 ||    10
       Scroll            |       |       |     6 |     2 ||     8
 Stab: Sleeping          |    10 |     7 |    18 |     6 ||    41
       Distracted        |       |       |     2 |     3 ||     5
Armor: Animal skin       |     8 |     4 |       |       ||    12
       Leather armour    |       |     7 |    19 |       ||    26
       Ring mail         |       |       |    25 |   118 ||   143
       Plate armour      |       |       |       |   144 ||   144
       Skin              |       |       |       |     8 ||     8
Dodge: Dodged            |    41 |    79 |   123 |   546 ||   789
Block: Buckler           |       |       |       |   193 ||   193
       Rpst.: Scimitar   |       |       |       |     2 ||     2
